 Dungeon Crawl Stone Soup version 0.30.1-9-gdf580d7c3d (webtiles) character file.

Game seed: 7212904316347985089

172 lonewolfV2 the Trooper (level 5, 0/55 HPs)
             Began as an Ogre Fighter on Sept 29, 2023.
             Slain by a gnoll
             ... wielding a +0 spear
              (1 damage)
             ... on level 4 of the Dungeon.
             The game lasted 00:02:44 (3124 turns).

lonewolfV2 the Trooper (Ogre Fighter)               Turns: 3124, Time: 00:02:45

Health: 0/55       AC:  3    Str: 22    XL:     5   Next: 52%
Magic:  5/5        EV:  9    Int:  9    God:
Gold:   166        SH:  9    Dex:  8    Spells: 4/4 levels left

rFire   . . .        a - +1 war axe
rCold   . . .        c - +1 kite shield
rNeg    . . .        b - +0 robe
rPois   .            (helmet restricted)
rElec   .            (no cloak)
rCorr   .            (gloves unavailable)
SInv    .            (boots unavailable)
Will    .....        (no amulet)
Stlth   +            (no ring)
HPRegen 0.29/turn    (no ring)
MPRegen 0.09/turn

%: no passive effects
@: no status effects
A: large, unfitting armour, tough skin 1
a: no special abilities


You were on level 4 of the Dungeon.
You visited 1 branch of the dungeon, and saw 4 of its levels.

You collected 166 gold pieces.

Inventory:

Hand Weapons
 a - a +1 war axe (weapon)
Missiles
 j - a throwing net (quivered)
Armour
 b - a +0 robe (worn)
 c - a +1 kite shield (worn)
Jewellery
 f - a +4 ring of slaying
Scrolls
 e - 2 scrolls of teleportation
 g - 2 scrolls of enchant weapon
 l - a scroll of fear
 o - a scroll of identify
Potions
 d - 2 potions of might
 h - 2 potions of degeneration
 i - 3 potions of curing
 k - 2 potions of heal wounds
 m - a potion of brilliance {unknown}
 n - a potion of mutation {unknown}


   Skills:
 + Level 4.5 Fighting
 + Level 3.9 Axes
 + Level 3.3 Dodging
 + Level 0.5 Stealth
 + Level 3.8 Shields


You had 4 spell levels left.
You didn't know any spells.
Your spell library contained the following spells:

 Spells                   Type           Power      Damage    Failure   Level
 Hailstorm                Conj/Ice       0%         3d3       95%         3
 Ice Form                 Ice/Tmut       0%         N/A       100%        4
 Simulacrum               Ice/Necr       0%         N/A       100%        6


Dungeon Overview and Level Annotations

Branches:
Dungeon (4/15)
 Temple: D:4-7

Altars:
Hepliaklqana
Qazlal

Shops:
D:1 *   D:2 :(


Innate Abilities, Weirdness & Mutations

You are too large for most types of armour.
You have tough skin. (AC +1)


Message History

The gnoll closely misses you.
You closely miss the gnoll.
The gnoll is moderately wounded.
You hit the endoplasm. You closely miss the gnoll.
You block the gnoll's attack. The gnoll barely misses you.
The endoplasm freezes you.
You are frozen.
The gnoll hits you with a +0 club. The endoplasm freezes you.
You are frozen.
The gnoll hits you with a +0 spear.
You hit the gnoll but do no damage.
The gnoll is moderately wounded.
You completely miss the endoplasm. You hit the gnoll but do no damage.
You block the gnoll's attack. You block the endoplasm's attack.
The gnoll hits you with a +0 club.
You barely miss the gnoll.
The gnoll is moderately wounded.
You hit the endoplasm.
You kill the endoplasm!
You hit the gnoll. The gnoll hits you with a +0 spear.
* * * LOW HITPOINT WARNING * * *
The gnoll hits you with a +0 club.
* * * LOW HITPOINT WARNING * * *
The gnoll hits you with a +0 club.
* * * LOW HITPOINT WARNING * * *
The gnoll hits you with a +0 spear.
* * * LOW HITPOINT WARNING * * *
You slash the gnoll!
You kill the gnoll!
You barely miss the gnoll. The gnoll hits you with a +0 spear.
* * * LOW HITPOINT WARNING * * *
You feel better. You block the gnoll's attack.
You slash the gnoll!
The gnoll is almost dead.
You block the gnoll's attack.
You closely miss the gnoll.
The gnoll is almost dead.
The gnoll hits you with a +0 spear!
* * * LOW HITPOINT WARNING * * *
The gnoll hits you with a +0 spear.
You die...

...# ...###
.....####
..##....####
..
####.)..####
..
####....####
..
####....##
.# ####..# .
##@## .
##g))#
#...##
#....#
#......#
#.....###
....## ...#
.##


You could see a gnoll.

Vanquished Creatures
  2 hounds (D:4)
  3 adders
  3 gnolls (D:4)
  2 worms
  An orc (D:4)
  3 ball pythons
  5 bats
  5 endoplasms
  2 giant cockroaches (D:1)
  7 goblins
  6 hobgoblins
  4 kobolds
  2 quokkas
  A frilled lizard (D:3)
  5 rats
51 creatures vanquished.

Notes
Turn   | Place    | Note
-------+----------+-------------------------------------------
     0 | D:1      | lonewolfV2 the Ogre Fighter began the quest for the Orb.
     0 | D:1      | Reached XP level 1. HP: 24/24 MP: 1/1
   327 | D:1      | Reached XP level 2. HP: 32/32 MP: 2/2
   762 | D:1      | Found Piorighi's General Store.
  1226 | D:2      | Found Nirr's Book Boutique.
  1370 | D:2      | Found Qucuahock's Antique Weapon Emporium.
  1490 | D:2      | Found a faded altar of an unknown god.
  1549 | D:2      | Reached XP level 3. HP: 39/39 MP: 3/3
  2108 | D:3      | Found a stormy altar of Qazlal.
  2195 | D:3      | Found a hazy altar of Hepliaklqana.
  2454 | D:3      | Reached XP level 4. HP: 48/49 MP: 4/4
  2552 | D:4      | HP: 1/49 [adder (2)]
  2957 | D:4      | Reached XP level 5. HP: 44/55 MP: 5/5
  3124 | D:4      | HP: 1/55 [gnoll/+0 spear (9)]
  3124 | D:4      | Slain by a gnoll

Illustrated notes

Levels and vault maps discovered:
D:1:      tarquinn_simple_flora_water_d, layout_basic, serial_shops,
          nicolae_shop_back_alley_shop
D:2:      layout_basic, serial_shops, nicolae_lakefront_shop,
          nicolae_shop_hallway_stairs, hellmonk_ecumenical_altar_leap_of_faith
D:3:      layout_basic, old_standard_altar, mainiacjoe_overflow_alcove_1,
          kennysheep_generic_room_9
D:4:      layout_cave_pods, gammafunk_ghost_stat_death

Skill      XL: |  1  2  3  4 |
---------------+-------------+-----
Dodging        | 3 |  3.3
Axes           | 3 |  3.9
Fighting       | |  4.5
Stealth        | |  0.5
Shields        | |  3.8

Action                     |  1- 3 |  4- 6 || total
---------------------------+-------+-------++-------
  Melee: War axe           |   107 |    39 ||   146
    Use: Scroll            |     8 |     1 ||     9
         Potion            |       |     1 ||     1
 Armour: Robe              |    52 |     7 ||    59
  Dodge: Dodged            |    50 |    31 ||    81
  Block: Kite shield       |    50 |    33 ||    83
